 Dungeon Crawl Stone Soup version 0.26.1-2-gb8aa6d0cf2 (webtiles) character file.

Game seed: 6592153077423399715

392 Gadfly the Skirmisher (level 6, -10/62 HPs)
             Began as an Ogre Monk on Feb 13, 2021.
             Mangled by a centaur
             ... wielding a +0 quarterstaff
              (12 damage)
             ... on level 5 of the Dungeon.
             The game lasted 00:03:59 (3693 turns).

Gadfly the Skirmisher (Ogre Monk)                   Turns: 3693, Time: 00:04:00

Health: -10/62     AC:  4    Str: 17 (18) XL:     6   Next: 81%
Magic:  8/8        EV: 14    Int: 10 (11) God:
Gold:   149        SH:  0    Dex:  8 (11) Spells: 5/5 levels left

rFire    . . .     SeeInvis .   b - +2 dagger (venom)
rCold    . . .     Faith    .   (no shield)
rNeg     . . .     Spirit   .   i - +1 robe
rPois    .         Reflect  .   (helmet restricted)
rElec    .         Harm     .   (no cloak)
rCorr    .         Rampage  .   (gloves unavailable)
Will     .....                  (boots unavailable)
Stlth    +.........             (no amulet)
HPRegen  0.20/turn              f - +4 ring of evasion
MPRegen  0.11/turn              (no ring)

@: no status effects
A: large, unfitting armour, tough skin 1
a: no special abilities


You were on level 5 of the Dungeon.
You visited 1 branch of the dungeon, and saw 5 of its levels.

You collected 149 gold pieces.

Inventory:

Hand Weapons
 a - a +0 flail
 b - a +2 dagger of venom (weapon)
Missiles
 e - 121 stones (quivered)
Armour
 i - a +1 robe (worn)
Jewellery
 f - a +4 ring of evasion (left hand)
Scrolls
 c - 3 scrolls of remove curse
 k - a scroll of magic mapping
 l - a scroll of fog
Potions
 g - a potion of resistance
 h - a potion of haste


   Skills:
 - Level 4.0 Fighting
 + Level 3.3 Maces & Flails
 * Level 2.8 Throwing
 * Level 2.3 Armour
 - Level 2.6 Dodging
 - Level 1.4 Stealth
 * Level 3.1 Invocations
 * Level 2.4 Evocations


You had 5 spell levels left.
You didn't know any spells.
Your spell library was empty.

Dungeon Overview and Level Annotations

Branches:
Dungeon (5/15)
 Temple: D:4-7

Altars:
Vehumet
Wu Jian

Annotations:
D:2 Natasha


Innate Abilities, Weirdness & Mutations

You are too large for most types of armour.
You have tough skin. (AC +1)


Message History

You are too injured to fight recklessly!
You are too injured to fight recklessly!
You are too injured to fight recklessly!
You are too injured to fight recklessly!
You are too injured to fight recklessly!
You are too injured to fight recklessly!
You hit the centaur.
The centaur looks as sick as possible!
The centaur is moderately wounded.
The centaur hits you with a +0 quarterstaff!
* * * LOW HITPOINT WARNING * * *
You hit the centaur but do no damage.
The centaur looks as sick as possible!
The centaur is moderately wounded.
The centaur barely misses you.
It was a potion of degeneration.
There was something very wrong with that liquid.
You feel weakened.
You feel dopey.
You feel clumsy.
The centaur hits you with a +0 quarterstaff.
* * * LOW HITPOINT WARNING * * *
The centaur hits you with a +0 quarterstaff!
You die...

#.. #.## ...
#.. ##.#
..####..#####
##).$........
#<(#####..#
#([..(@c..#
###.###.#.#
....# .#
###$.# ##
#..# ####


You could see a centaur (extremely poisoned).

Vanquished Creatures
  2 ogres (D:4)
  A howler monkey (D:4)
  An orc wizard (D:4)
  Natasha (D:2)
  3 adders (D:2)
  3 gnolls
  2 oozes (D:1)
  A worm (D:3)
  A dart slug (D:1)
  A leopard gecko (D:1)
  9 orcs
  A ball python (D:4)
  3 giant cockroaches
  5 hobgoblins
  6 jackals (D:4)
  5 bats
  2 frilled lizards
  6 goblins
  3 kobolds (D:2)
  8 rats
64 creatures vanquished.

Notes
Turn   | Place    | Note
-------+----------+-------------------------------------------
     0 | D:1      | Gadfly the Ogre Monk began the quest for the Orb.
     0 | D:1      | Reached XP level 1. HP: 24/24 MP: 1/1
   268 | D:1      | Reached XP level 2. HP: 27/32 MP: 2/2
   997 | D:1      | Reached skill level 1 in Invocations
  1088 | D:1      | Reached XP level 3. HP: 39/39 MP: 3/3
  1157 | D:1      | Reached skill level 1 in Throwing
  1261 | D:2      | Reached skill level 1 in Armour
  1261 | D:2      | Reached skill level 1 in Evocations
  1727 | D:2      | Found a radiant altar of Vehumet.
  1844 | D:2      | Reached XP level 4. HP: 40/48 MP: 5/5
  1958 | D:2      | Noticed Natasha
  1968 | D:2      | Killed Natasha
  1986 | D:2      | Found an ornate altar of the Wu Jian Council.
  2059 | D:2      | Noticed Natasha
  2209 | D:3      | Reached XP level 5. HP: 37/54 MP: 6/6
  3111 | D:4      | Noticed an ogre
  3125 | D:4      | Killed an ogre
  3126 | D:4      | Reached XP level 6. HP: 19/62 MP: 7/7
  3547 | D:5      | Entered Level 5 of the Dungeon
  3693 | D:5      | HP: 2/62 [centaur/+0 quarterstaff (2)]
  3693 | D:5      | Mangled by a centaur

Illustrated notes

Levels and vault maps discovered:
D:1:      saegor_arrival_under_anarchy, layout_basic
D:2:      layout_basic, nzn_wu_jian_contemplation, vehumet_crystals,
          uniq_natasha
D:3:      layout_basic
D:4:      layout_cave_pools, minmay_temple_entry_statues_pillars, serial_shops,
          shop
D:5:      layout_basic, old_standard_altar

Skill      XL: |  1  2  3  4  5  6 |
---------------+-------------------+-----
Invocations    | 1 2 3 |  3.1
Throwing       | 1 2 |  2.8
Armour         | 1 2 |  2.3
Evocations     | 1 2 |  2.4
Maces & Flails | 3 |  3.3
Fighting       | |  4.0
Dodging        | |  2.6
Stealth        | |  1.4

Action                   |  1- 3 |  4- 6 || total
-------------------------+-------+-------++-------
Melee: Mace              |    18 |       ||    18
       Dagger            |    63 |   152 ||   215
Throw: Stone             |       |     1 ||     1
  Use: Scroll            |     4 |     7 ||    11
       Potion            |       |     1 ||     1
 Stab: Sleeping          |     5 |     3 ||     8
Armor: Robe              |    25 |    30 ||    55
Dodge: Dodged            |    77 |   142 ||   219
